Workbook

Sheet ЛСР1
J1: Приложение №
J2: к Договору подряда №
B4: ПОДРЯДЧИК: | E4: ЗАКАЗЧИК: | I4: ТЕХНИЧЕСКИЙ ЗАКАЗЧИК:
I5: ООО "ТЗ "ЭНКО"
B8: ______________/ | E8: _________________/ С.И. Ярков | I8: _________________/ С.И. Ярков
A11: Локальный сметный расчет №1
A12: Устройство наружного освещения
A14: № п/п | B14: Наименование | C14: Марка | D14: Характеристика | E14: Ед. изм. | F14: Норма | G14: Кол-во | H14: Цена за ед. изм. | I14: Сумма | J14: Примечание
A15: 13 | B15: Наружные сети
A16: 13.11. | B16: Устройство наружных сетей электроосвещения
A17: 13.11.01. | B17: Прокладка кабеля, трубы для электроосвещения
A18: 13.11.01.00 | B18: Прокладка кабеля, трубы для электроосвещения | I18: =I19+I28 -> 0
B19: Работа: | I19: =SUM(I20:I27) -> 0
A20: ? | B20: Разработка грунта | E20: м3 | G20: =0.3*0.7*(G22+G23) -> 583.8 | H20: =VLOOKUP(B20,РАБ!B3:E30,4,0) -> 0 | I20: =H20*G20 -> 0
A21: ? | B21: Обратная засыпка | E21: м3 | G21: =0.3*0.7*(G22+G23) -> 583.8 | H21: =VLOOKUP(B21,РАБ!B4:E31,4,0) -> 0 | I21: =H21*G21 -> 0
B22: Прокладка трубы тип 1 | E22: м.п. | G22: =G29 -> 1935 | H22: =VLOOKUP(B22,РАБ!B5:E32,4,0) -> 0 | I22: =H22*G22 -> 0
B23: Прокладка трубы тип 2 | E23: м.п. | G23: =G30 -> 845 | H23: =VLOOKUP(B23,РАБ!B6:E33,4,0) -> 0 | I23: =H23*G23 -> 0
B24: Прокладка кабеля тип 1 | E24: м.п. | G24: =G31 -> 2025 | H24: =VLOOKUP(B24,РАБ!B7:E34,4,0) -> 0 | I24: =H24*G24 -> 0
B25: Прокладка кабеля тип 2 | E25: м.п. | G25: =G32 -> 845 | H25: =VLOOKUP(B25,РАБ!B8:E35,4,0) -> 0 | I25: =H25*G25 -> 0
B26: Прокладка кабеля тип 3 | E26: м.п. | G26: =G33 -> 517 | H26: =VLOOKUP(B26,РАБ!B9:E36,4,0) -> 0 | I26: =H26*G26 -> 0
B27: Прокладка кабеля тип 4 | E27: м.п. | G27: =G34 -> 60 | H27: =VLOOKUP(B27,РАБ!B10:E37,4,0) -> 0 | I27: =H27*G27 -> 0
B28: Материалы: | I28: =SUM(I29:I35) -> 0
B29: Труба двустенная гофротруба Ду= 63 | E29: м.п. | G29: 1935 | H29: =VLOOKUP(B29,МАТ!B3:F51,4,0) -> 0 | I29: =G29*H29 -> 0
B30: Труба двустенная гофротруба Ду= 32 | E30: м.п. | G30: 845 | H30: =VLOOKUP(B30,МАТ!B4:F52,4,0) -> 0 | I30: =G30*H30 -> 0
B31: Кабель тип 1 АВБШв 5х16 | C31: АВБШв | D31: 5х16 | E31: м.п. | G31: 2025 | H31: =VLOOKUP(B31,МАТ!B5:F53,4,0) -> 0 | I31: =G31*H31 -> 0
B32: Кабель тип 2 АВВГнг 3х4 | C32: АВВГнг | D32: 3х4 | E32: м.п. | G32: 845 | H32: =VLOOKUP(B32,МАТ!B6:F54,4,0) -> 0 | I32: =G32*H32 -> 0
B33: Кабель тип 3 КГ-ХЛ 3х1,5 | C33: КГ-ХЛ | D33: 3х1,5 | E33: м.п. | G33: 517 | H33: =VLOOKUP(B33,МАТ!B7:F55,4,0) -> 0 | I33: =G33*H33 -> 0
B34: Кабель тип 4 МГ 1х6 | C34: МГ | D34: 1х6 | E34: м.п. | G34: 60 | H34: =VLOOKUP(B34,МАТ!B8:F56,4,0) -> 0 | I34: =G34*H34 -> 0 | J34: заземление в опоре
B35: Прочие материалы ( лента сигнальная) | I35: =I36 -> 0
B36: Лента сигнальная "Осторожно кабель" 100 мм | D36: "Осторожно кабель" 100 мм | E36: м.п. | G36: 2100 | H36: =VLOOKUP(B36,МАТ!B10:F58,4,0) -> 0 | I36: =G36*H36 -> 0 | J36: в траншее
A37: 13.11.02. | B37: Установка опор освещеня, ШУО
A38: 13.11.02.00 | B38: Установка опор освещеня, ШУО | I38: =I39+I48 -> 0
B39: Работа: | I39: =SUM(I40:I47) -> 0
B40: Установка опор освещения тип 1 | E40: шт | G40: =G49+G50+G51+G52+G53 -> 55 | H40: =VLOOKUP(B40,РАБ!B3:E30,4,0) -> 0 | I40: =H40*G40 -> 0
B41: Установка опор освещения тип 2 | E41: шт | G41: =G54 -> 49 | H41: =VLOOKUP(B41,РАБ!B4:E31,4,0) -> 0 | I41: =H41*G41 -> 0
B42: Установка опор освещения тип 3 | E42: шт | G42: =G55 -> 6 | H42: =VLOOKUP(B42,РАБ!B5:E32,4,0) -> 0 | I42: =H42*G42 -> 0
B43: Установка опор освещения тип 4 | E43: шт | G43: =G56+G57 -> 29 | H43: =VLOOKUP(B43,РАБ!B6:E33,4,0) -> 0 | I43: =H43*G43 -> 0
B44: Установка опор освещения тип 5 | E44: шт | G44: =G58 -> 34 | H44: =VLOOKUP(B44,РАБ!B7:E34,4,0) -> 0 | I44: =H44*G44 -> 0
B45: Монтаж ШУО | E45: шт | G45: 1 | H45: =VLOOKUP(B45,РАБ!B8:E35,4,0) -> 0 | I45: =H45*G45 -> 0
B46: Бетонирование | E46: м3 | G46: =$G$66/$F$66 -> 30.49 | H46: =VLOOKUP(B46,РАБ!B9:E36,4,0) -> 0 | I46: =H46*G46 -> 0
B47: Отсыпка | E47: м3 | G47: =G68/F68+G67 -> 113.14 | H47: =VLOOKUP(B47,РАБ!B10:E37,4,0) -> 0 | I47: =H47*G47 -> 0
B48: Материалы: | I48: =SUM(I49:I73) -> 0
B49: Светильник тип 1 односторонний 3500К, высота 6м, медь с фундаментом Sibilux.Pointer | C49: Sibilux.Pointer | D49: Светильник односторонний 3500К, высота 6м, медь с фундаментом | E49: шт | G49: 6 | H49: =VLOOKUP(B49,МАТ!B3:F51,4,0) -> 0 | I49: =G49*H49 -> 0
B50: Светильник тип 1 двусторонний 3500К, высота 6м, медь с фундаментом Sibilux.Pointer | C50: Sibilux.Pointer | D50: Светильник двусторонний 3500К, высота 6м, медь с фундаментом | E50: шт | G50: 1 | H50: =VLOOKUP(B50,МАТ!B4:F52,4,0) -> 0 | I50: =G50*H50 -> 0
B51: Светильник тип 1 двусторонний 3500К, высота 4/6м, медь с фундаментом Sibilux.Pointer | C51: Sibilux.Pointer | D51: Светильник двусторонний 3500К, высота 4/6м, медь с фундаментом | E51: шт | G51: 22 | H51: =VLOOKUP(B51,МАТ!B5:F53,4,0) -> 0 | I51: =G51*H51 -> 0
B52: Светильник тип 1 двусторонний 3500К, высота 4м, медь с фундаментом Sibilux.Pointer | C52: Sibilux.Pointer | D52: Светильник двусторонний 3500К, высота 4м, медь с фундаментом | E52: шт | G52: 5 | H52: =VLOOKUP(B52,МАТ!B6:F54,4,0) -> 0 | I52: =G52*H52 -> 0
B53: Светильник тип 1 односторонний 3500К, высота 4м, медь с фундаментом Sibilux.Pointer | C53: Sibilux.Pointer | D53: Светильник односторонний 3500К, высота 4м, медь с фундаментом | E53: шт | G53: 21 | H53: =VLOOKUP(B53,МАТ!B7:F55,4,0) -> 0 | I53: =G53*H53 -> 0
B54: Светильник тип 2 Световой столбик 3500К, 1,0м с фундаментом Sibilux.Intro | C54: Sibilux.Intro | D54: Световой столбик 3500К, 1,0м с фундаментом | E54: шт | G54: 49 | H54: =VLOOKUP(B54,МАТ!B8:F56,4,0) -> 0 | I54: =G54*H54 -> 0
B55: Светильник тип 3 Прожектор, с креплением Лира на Т-образном кронштейне , 3500 К с опорой, с фундаментом Sibilux.Front 130 | C55: Sibilux.Front 130 | D55: Прожектор, с креплением Лира на Т-образном кронштейне , 3500 К с опорой, с фундаментом | E55: компл. | G55: 6 | H55: =VLOOKUP(B55,МАТ!B9:F57,4,0) -> 0 | I55: =G55*H55 -> 0 | J55: комплект
B56: Светильник тип 4 Светильник(10%черный, 40%графитовый, 30% кофейный,20%бежевый) Polystone 30 | C56: Polystone 30 | D56: Светильник(10%черный, 40%графитовый, 30% кофейный,20%бежевый) | E56: шт | G56: 21 | H56: =VLOOKUP(B56,МАТ!B10:F58,4,0) -> 0 | I56: =G56*H56 -> 0
B57: Светильник тип 4 Светильник(10%серый, 40%графитовый, 30% кофейный,20%бежевый) Polystone 45 | C57: Polystone 45 | D57: Светильник(10%серый, 40%графитовый, 30% кофейный,20%бежевый) | E57: шт | G57: 8 | H57: =VLOOKUP(B57,МАТ!B11:F59,4,0) -> 0 | I57: =G57*H57 -> 0
B58: Светильник тип 5 Колышек, 500мм, 4000К SIGNUM 1x9 | C58: Колышек SIGNUM 1x9 | D58: Колышек, 500мм, 4000К | E58: шт | G58: 34 | H58: =VLOOKUP(B58,МАТ!B12:F60,4,0) -> 0 | I58: =G58*H58 -> 0
B59: Алюминиевая опора | E59: шт | G59: =G49+G50+G52+G53 -> 33 | H59: =VLOOKUP(B59,МАТ!B13:F61,4,0) -> 0 | I59: =G59*H59 -> 0
B60: Закладная деталь в комплекте с крепежным элементом | E60: шт | G60: =G49+G50+G51+G52+G53+G54 -> 104 | H60: =VLOOKUP(B60,МАТ!B14:F62,4,0) -> 0 | I60: =G60*H60 -> 0
B61: Шкаф управления освещением | E61: шт | G61: 1 | H61: =VLOOKUP(B61,МАТ!B15:F63,4,0) -> 0 | I61: =G61*H61 -> 0 | J61: См.лист 3
B62: Уголок 50х50х5 L=800 мм С235 | D62: ГОСТ 27772-88 | E62: шт | G62: 4 | H62: =VLOOKUP(B62,МАТ!B16:F64,4,0) -> 0 | I62: =G62*H62 -> 0 | J62: фундамент ШУО
A63: ? | B63: Уголок 50х50х5 L=450 мм С235 | D63: ГОСТ 27772-88 | E63: шт | G63: 1 | H63: =VLOOKUP(B63,МАТ!B17:F65,4,0) -> 0 | I63: =G63*H63 -> 0
B64: Лист Б-ПН-3.0 300х450мм;Ст3 | D64: ГОСТ 16529-89 | E64: шт | G64: 1 | H64: =VLOOKUP(B64,МАТ!B18:F66,4,0) -> 0 | I64: =G64*H64 -> 0 | J64: фундамент ШУО
B65: Лист Б-ПН-3.0 300х800мм;Ст3 | D65: ГОСТ 16529-89 | E65: шт | G65: 1 | H65: =VLOOKUP(B65,МАТ!B19:F67,4,0) -> 0 | I65: =G65*H65 -> 0 | J65: фундамент ШУО
B66: Бетон | E66: м3 | F66: 1.02 | G66: 31.1 | H66: =VLOOKUP(B66,МАТ!B20:F68,4,0) -> 0 | I66: =G66*H66 -> 0
B67: Гравий | E67: м3 | G67: 4.31 | H67: =VLOOKUP(B67,МАТ!B21:F69,4,0) -> 0 | I67: =G67*H67 -> 0
B68: Песок строительный | E68: м3 | F68: 1.144 | G68: 124.5 | H68: =VLOOKUP(B68,МАТ!B22:F70,4,0) -> 0 | I68: =G68*H68 -> 0
B69: Сталь полосовая горячего цинкования 4х25мм | D69: ГОСТ 103-2006 | E69: м | G69: 11 | H69: =VLOOKUP(B69,МАТ!B23:F71,4,0) -> 0 | I69: =G69*H69 -> 0 | J69: заземление ШУО, см лист 7
B70: Стержень круглый стальной горячего цинкования, d=16мм, L=3м | D70: ГОСТ 2590-2006 | E70: м | G70: =3*3 -> 9 | H70: =VLOOKUP(B70,МАТ!B24:F72,4,0) -> 0 | I70: =G70*H70 -> 0 | J70: заземление ШУО, см лист 7
B71: Наконечник | C71: ТМ 16-8-6 | E71: шт | G71: 1 | H71: =VLOOKUP(B71,МАТ!B25:F73,4,0) -> 0 | I71: =G71*H71 -> 0 | J71: заземление ШУО, см лист 7
B72: Провод ПВ3 1х16 | C72: ПВ3 | D72: 1х16 | E72: м | G72: 0.5 | H72: =VLOOKUP(B72,МАТ!B26:F74,4,0) -> 0 | I72: =G72*H72 -> 0 | J72: заземление ШУО, см лист 7
A73: ? | B73: Прочие материалы ( болт, гайка, шайба,Автоматический выключатель, сжим ответвительный, коробка монтажная, муфта кабельная Din-рейка): | I73: =SUM(I74:I81) -> 0
A74: ? | B74: Болт М 12х25 | E74: шт | H74: =VLOOKUP(B74,МАТ!B28:F76,4,0) -> 0 | I74: =H74*G74 -> 0
A75: ? | B75: Гайка М12 | E75: шт | H75: =VLOOKUP(B75,МАТ!B29:F77,4,0) -> 0 | I75: =H75*G75 -> 0
A76: ? | B76: Шайба 12 | E76: м | H76: =VLOOKUP(B76,МАТ!B30:F78,4,0) -> 0 | I76: =H76*G76 -> 0
A77: ? | B77: Автоматический выключатель | E77: шт | H77: =VLOOKUP(B77,МАТ!B31:F79,4,0) -> 0 | I77: =H77*G77 -> 0
A78: ? | B78: Сжим ответвительный | E78: шт | H78: =VLOOKUP(B78,МАТ!B32:F80,4,0) -> 0 | I78: =H78*G78 -> 0
A79: ? | B79: Коробка монтажная 200х200 IP65 | E79: шт | H79: =VLOOKUP(B79,МАТ!B33:F81,4,0) -> 0 | I79: =H79*G79 -> 0
A80: ? | B80: Муфта кабельная термоусаживаемая концевая на кабель 5х16 | E80: шт | H80: =VLOOKUP(B80,МАТ!B34:F82,4,0) -> 0 | I80: =H80*G80 -> 0
A81: ? | B81: Din-рейка | E81: шт | H81: =VLOOKUP(B81,МАТ!B35:F83,4,0) -> 0 | I81: =H81*G81 -> 0
A82: 13.11.03. | B82: ПНР
A83: 13.11.03.00 | B83: ПНР | I83: =I84+I86 -> 0
B84: Работа: | I84: =I85 -> 0
B85: Пусконаладочные работы электроосвещения | E85: комплекс | G85: 1 | H85: =VLOOKUP(B85,РАБ!B3:E30,4,0) -> 0 | I85: =H85*G85 -> 0
B86: Материалы: | I86: =I87 -> 0
B87: -
B88: ИТОГО по ЛСР: | I88: =I89+I90 -> 0
B89: в т.ч. стоимость работ: | I89: =I19+I39+I84 -> 0
B90: в т.ч. стоимость материалов: | I90: =I28+I48+I86 -> 0
B91: НДС: | I91: нет
A98: ПРИМЕЧАНИЕ:
A99: Стоимость материалов учитывает стоимость доставки
A100: Стоимость СМР учитывает - затраты на все второстепенные материалы и работы необходимые для осуществления полного комплекса работ, включая затраты: на мобилизацию, аренду и эксплуатацию всех необходимых механизмов, оборудования и инструментов, бытовых помещений и биотуалетов; выполнение сопутствующих работ; вывоз мусора; ФОТ, накладные расходы, прибыль организации, налоги и иные издержки Подрядчика.
A101: Стоимость СМР по установки опор освещения тип 1-тип 7 включает установку фундаментов
A102: Стоимость СМР по монтажу шкафа управления освещением включает установку фундаментов и зазеления ШУО
A103: Стоимость СМР учитывать с действующей системой налогооблажения
A104: В составе шкафа управления освещением(ШУО):
A105: Корпус металлический ЩУРн-3/36 (560х550х165мм)-1 шт
A106: Автоматический выключатель С 16А, 3Р - 1шт
A107: Автоматический выключатель С 10А, 3Р -10 шт
A108: Астрономическое реле времени RCZ-526-1 шт
A109: Контактор модульный 63А, 4Р (km-3-63-40)-1 шт
... A118: Муфта кабельная термоусаживаемая концевая на кабель 5х16-34 шт

Sheet ЛСР2
J1: Приложение №
J2: к Договору подряда №
B4: ПОДРЯДЧИК: | E4: ЗАКАЗЧИК: | I4: ТЕХНИЧЕСКИЙ ЗАКАЗЧИК:
I5: ООО "ТЗ "ЭНКО"
B8: ______________/ | E8: _________________/ С.И. Ярков | I8: _________________/ С.И. Ярков
A11: Локальный сметный расчет №2
A12: Наружные сети связи
A14: № п/п | B14: Наименование | C14: Марка | D14: Характеристика | E14: Ед. изм. | F14: Норма | G14: Кол-во | H14: Цена за ед. изм. | I14: Сумма | J14: Примечание
A15: 13 | B15: Наружные сети
A16: 13.08 | B16: Устройство наружных сетей связи
A17: 13.08.01 | B17: Прокладка наружных сетей связи
A18: 13.08.01.00 | B18: Прокладка наружных сетей связи | I18: =I19+I28 -> 0
B19: Работа: | I19: =SUM(I20:I27) -> 0
B20: Бурение алмазное Ду 200мм | E20: шт | G20: 2 | H20: =VLOOKUP(B20,РАБ!B3:E30,4,0) -> 0 | I20: =H20*G20 -> 0 | J20: ввод в здание
B21: Заделка отверстий 200мм | E21: шт | G21: 13 | H21: =VLOOKUP(B21,РАБ!B4:E31,4,0) -> 0 | I21: =H21*G21 -> 0
B22: Прокладка траншеи | E22: м.п. | G22: 220 | H22: =VLOOKUP(B22,РАБ!B5:E32,4,0) -> 0 | I22: =H22*G22 -> 0
B23: Прокладка навигатором | E23: м.п. | G23: 0 | H23: =VLOOKUP(B23,РАБ!B6:E33,4,0) -> 0 | I23: =H23*G23 -> 0
B24: Прокладка трубы | E24: м.п. | G24: 240 | H24: =VLOOKUP(B24,РАБ!B7:E34,4,0) -> 0 | I24: =H24*G24 -> 0
B25: Устройство люка | E25: комлект | G25: 5 | H25: =VLOOKUP(B25,РАБ!B8:E35,4,0) -> 0 | I25: =H25*G25 -> 0
B26: Устройство колодца связи | E26: шт | G26: 5 | H26: =VLOOKUP(B26,РАБ!B9:E36,4,0) -> 0 | I26: =H26*G26 -> 0
A27: ? | B27: Устройство приямка для колодца | E27: м3. | G27: 11.25 | H27: =VLOOKUP(B27,РАБ!B10:E37,4,0) -> 0 | I27: =H27*G27 -> 0 | J27: приямок под колодец
B28: Материалы: | I28: =SUM(I29:I37) -> 0
B29: Труба полиэтиленовая ПЭ 160х14,6 | D29: 160х14,6 | E29: м.п. | G29: 240 | H29: =VLOOKUP(B29,МАТ!B3:F51,4,0) -> 0 | I29: =H29*G29 -> 0
B30: Колодец КС 10-9 с дном | C30: ГОСТ 8020-2016 | D30: КС 10-9 с дном | E30: шт. | G30: 5 | H30: =VLOOKUP(B30,МАТ!B4:F52,4,0) -> 0 | I30: =H30*G30 -> 0
B31: Крышка ПП 10-1 | C31: ГОСТ 8020-2016 | D31: Плиту перекрытия ПП 10-1 | E31: шт. | G31: 1 | H31: =VLOOKUP(B31,МАТ!B5:F53,4,0) -> 0 | I31: =H31*G31 -> 0
B32: Крышка ПП 10-2 | C32: ГОСТ 8020-2016 | D32: Плиту перекрытия ПП 10-2 | E32: шт. | G32: 4 | H32: =VLOOKUP(B32,МАТ!B5:F54,4,0) -> 0 | I32: =H32*G32 -> 0
B33: Обойма+Люк (чугун), тип «Л» | C33: ГОСТ 3634-2019 | D33: Люк чугунный канализационный тип «Л» | E33: комлект | G33: 5 | H33: =VLOOKUP(B33,МАТ!B5:F55,4,0) -> 0 | I33: =H33*G33 -> 0
B34: Муфта соединительная электросварная для труб ПНД 160мм | E34: шт. | G34: 16 | H34: =VLOOKUP(B34,МАТ!B5:F56,4,0) -> 0 | I34: =H34*G34 -> 0
B35: Раствор бетонный М-150 | D35: М-150 | E35: м3. | G35: 0.7 | H35: =VLOOKUP(B35,МАТ!B5:F57,4,0) -> 0 | I35: =H35*G35 -> 0
B36: Битумная мастика ТехноНиколь МГТН-24 | D36: ТехноНиколь МГТН-24 | E36: кг. | G36: 30 | H36: =VLOOKUP(B36,МАТ!B5:F58,4,0) -> 0 | I36: =H36*G36 -> 0
B37: Расходные материалы (муфта соединительная для тех.трубы Ду160 мм, битумная мастика, цемент) | E37: % | G37: 16.75 | I37: =H37*G37 -> 0
A38: 13.08.02 | B38: ПНР
A39: 13.08.02.00 | B39: ПНР | I39: =I40+I42 -> 0
B40: Работа: | I40: =I41 -> 0
B41: Пусконаладочные работы сетей связи | E41: комплекс | G41: 1 | H41: =VLOOKUP(B41,РАБ!B24:E51,4,0) -> 0 | I41: =H41*G41 -> 0
B42: Материалы: | I42: =SUM(I43) -> 0
B43: -
B44: ИТОГО по ЛСР: | I44: =I45+I46 -> 0
B45: в т.ч. стоимость работ: | I45: =I19+I40 -> 0
B46: в т.ч. стоимость материалов: | I46: =I28+I42 -> 0
B47: НДС | I47: нет
A54: ПРИМЕЧАНИЕ
A55: *Стоимость материалов учитывает стоимость доставки
A56: **Стоимость СМР учитывает - затраты на все второстепенные материалы и работы необходимые для осуществления полного комплекса работ, включая затраты: на мобилизацию, аренду и эксплуатацию всех необходимых механизмов, оборудования и инструментов, бытовых помещений и биотуалетов; выполнение сопутствующих работ; вывоз мусора; ФОТ, накладные расходы, прибыль организации, налоги и иные издержки Подрядчика.

Sheet РАБ
A1: Сводная ведомость объемов работ
A3: № п/п | B3: Наименование | C3: Ед. изм. | D3: Кол-во | E3: Цена за ед. изм. | F3: Сумма
A4: 1 | B4: 2 | C4: 3 | D4: 4 | E4: 5 | F4: 6
A5: 1 | B5: Разработка грунта | C5: м3 | D5: 583.8 | F5: =E5*D5 -> 0
A6: 2 | B6: Обратная засыпка | C6: м3 | D6: 583.8 | F6: =E6*D6 -> 0
A7: 3 | B7: Прокладка трубы тип 1 | C7: м.п. | D7: 1935 | F7: =E7*D7 -> 0
A8: 4 | B8: Прокладка трубы тип 2 | C8: м.п. | D8: 845 | F8: =E8*D8 -> 0
A9: 5 | B9: Прокладка кабеля тип 1 | C9: м.п. | D9: 2025 | F9: =E9*D9 -> 0
A10: 6 | B10: Прокладка кабеля тип 2 | C10: м.п. | D10: 845 | F10: =E10*D10 -> 0
A11: 7 | B11: Прокладка кабеля тип 3 | C11: м.п. | D11: 517 | F11: =E11*D11 -> 0
A12: 8 | B12: Прокладка кабеля тип 4 | C12: м.п. | D12: 60 | F12: =E12*D12 -> 0
A13: 9 | B13: Установка опор освещения тип 1 | C13: шт | D13: 55 | F13: =E13*D13 -> 0
A14: 10 | B14: Установка опор освещения тип 2 | C14: шт | D14: 49 | F14: =E14*D14 -> 0
A15: 11 | B15: Установка опор освещения тип 3 | C15: шт | D15: 6 | F15: =E15*D15 -> 0
A16: 12 | B16: Установка опор освещения тип 4 | C16: шт | D16: 29 | F16: =E16*D16 -> 0
... A30: 26 | B30: Пусконаладочные работы сетей связи | C30: комплекс | D30: 1 | F30: =E30*D30 -> 0
B31: стоимость работ: | F31: =SUM(F5:F30) -> 0
F32: =ЛСР1!I89+ЛСР2!I45 -> 0
F33: =F32-F31 -> 0

Sheet МАТ
A1: Сводная ведомость объемов материала
A2: Прошу выдать цены на расходные материалы с целью формирования процентного соотношения
A3: № п/п | B3: Наименование | C3: Ед. изм. | D3: Кол-во | E3: Цена за ед. изм. | F3: Сумма | G3: Примечание
A4: 1 | B4: 2 | C4: 3 | D4: 4 | E4: 5 | F4: 6 | G4: 7
A5: 1 | B5: Труба двустенная гофротруба Ду= 63 | C5: м.п. | D5: 1935 | F5: =E5*D5 -> 0
A6: 2 | B6: Труба двустенная гофротруба Ду= 32 | C6: м.п. | D6: 845 | F6: =E6*D6 -> 0
A7: 3 | B7: Кабель тип 1 АВБШв 5х16 | C7: м.п. | D7: 2025 | F7: =E7*D7 -> 0
A8: 4 | B8: Кабель тип 2 АВВГнг 3х4 | C8: м.п. | D8: 845 | F8: =E8*D8 -> 0
A9: 5 | B9: Кабель тип 3 КГ-ХЛ 3х1,5 | C9: м.п. | D9: 517 | F9: =E9*D9 -> 0
A10: 6 | B10: Кабель тип 4 МГ 1х6 | C10: м.п. | D10: 60 | F10: =E10*D10 -> 0
A11: 7 | B11: Лента сигнальная "Осторожно кабель" 100 мм | C11: м.п. | D11: 2100 | F11: =E11*D11 -> 0
A12: 8 | B12: Светильник тип 1 односторонний 3500К, высота 6м, медь с фундаментом Sibilux.Pointer | C12: шт | D12: 6 | F12: =E12*D12 -> 0
A13: 9 | B13: Светильник тип 1 двусторонний 3500К, высота 6м, медь с фундаментом Sibilux.Pointer | C13: шт | D13: 1 | F13: =E13*D13 -> 0
A14: 10 | B14: Светильник тип 1 двусторонний 3500К, высота 4/6м, медь с фундаментом Sibilux.Pointer | C14: шт | D14: 22 | F14: =E14*D14 -> 0
A15: 11 | B15: Светильник тип 1 двусторонний 3500К, высота 4м, медь с фундаментом Sibilux.Pointer | C15: шт | D15: 5 | F15: =E15*D15 -> 0
A16: 12 | B16: Светильник тип 1 односторонний 3500К, высота 4м, медь с фундаментом Sibilux.Pointer | C16: шт | D16: 21 | F16: =E16*D16 -> 0
... A51: 47 | B51: Битумная мастика ТехноНиколь МГТН-24 | C51: кг. | D51: 30 | F51: =E51*D51 -> 0
B52: в т.ч. стоимость материалов: | F52: =SUM(F5:F51) -> 0
F53: =ЛСР2!I46+ЛСР1!I90 -> 0
F54: =F53-F52 -> 0
